 Dungeon Crawl Stone Soup version 0.28-a0-1555-g9ae15a6949 (webtiles) character file.

Game seed: 14723335198143508960

14 Pin the Chopper (level 2, 26/26 HPs)
             Began as a Hill Orc Monk on Jan 19, 2022.
             Was a Believer of Nemelex Xobeh.
             Quit the game on level 1 of the Dungeon.
             The game lasted 00:01:26 (740 turns).

Pin the Chopper (Hill Orc Monk)                      Turns: 740, Time: 00:01:26

Health: 26/26      AC:  2    Str: 13    XL:     2   Next: 45%
Magic:  2/2        EV: 10    Int: 10    God:    Nemelex Xobeh [**....]
Gold:   28         SH:  7    Dex: 13    Spells: 1/1 levels left

rFire   . . .      SeeInvis .   a - +0 hand axe
rCold   . . .      Faith    .   c - +0 kite shield
rNeg    . . .      Spirit   .   b - +0 robe
rPois   .          Reflect  .   (no helmet)
rElec   .          Harm     .   (no cloak)
rCorr   .          Rampage  .   (no gloves)
Will    .....                   (no boots)
Stlth   ++........              (no amulet)
HPRegen 0.08/turn               (no ring)
MPRegen 0.08/turn               (no ring)

@: no status effects
A: no striking features
a: Renounce Religion, Draw Escape, Draw Destruction, Draw Summoning


You were on level 1 of the Dungeon.
You worshipped Nemelex Xobeh.
Nemelex Xobeh was pleased with you.
You visited 1 branch of the dungeon, and saw 1 of its levels.

You collected 28 gold pieces.

Inventory:

Hand Weapons
 a - a +0 hand axe (weapon)
Armour
 b - a +0 robe (worn)
 c - a +0 kite shield (worn)
Scrolls
 e - 4 scrolls of identify {unknown}
 g - a scroll of fear {unknown}
 h - a scroll of teleportation {unknown}
 j - a scroll of summoning {unknown}
 k - a scroll of immolation {unknown}
Potions
 d - a potion of mutation {unknown}
 f - 3 potions of flight {unknown}
 i - 2 potions of haste {unknown}
 l - a potion of brilliance {unknown}


   Skills:
 - Level 3.6 Fighting
 - Level 4.0 Axes
 + Level 1.4 Armour
 - Level 2.4 Dodging
 - Level 1.5 Stealth
 + Level 1.4 Shields


You had one spell level left.
You didn't know any spells.
Your spell library contained the following spells:

 Spells                   Type           Power      Damage    Failure   Level
 Inner Flame              Hex/Fire       0%         N/A       98%         3
 Cause Fear               Hex            0%         N/A       100%        4
 Discord                  Hex            0%         N/A       100%        8


Dungeon Overview and Level Annotations

Branches:
Dungeon (1/15)

Altars:
Nemelex Xobeh


Message History

No target in view!
No target in view!
No target in view!
No target in view!
No target in view!
No target in view!
No target in view!
No target in view!
No target in view!
No target in view!
You pick up a book of Hexes and begin reading...
You add the spells Inner Flame, Cause Fear and Discord to your library.
j - a scroll labelled LELIM ESI SEIMAE
k - a scroll labelled JIAKEF EMEDGH A bat comes into view.
A bat is nearby!
A bat is nearby!
You block the bat's attack.
You see here a scroll labelled INICZE MIDDO.
You hit the bat.
You kill the bat!
Found 25 stones.
You see here a bat corpse.
You see here a bat corpse.
e - 4 scrolls labelled INICZE MIDDO (gained 1)
l - a cyan potion
There is a faded altar of an unknown god here.
You cannot tell which god this altar belongs to.
Convert to them anyway?
Nemelex Xobeh accepts your prayer! Nemelex Xobeh welcomes you!
Nemelex will now gift you decks of power as you gain piety.
Nemelex Xobeh deals you some cards!
You now have 2 escape cards, 6 destruction cards and 1 summoning card.
You can now draw from decks of power.
Nemelex Xobeh deals you some cards!
You now have 4 escape cards, 9 destruction cards and 4 summoning cards.
You draw a card...
You have drawn the Storm.
A fierce wind blows from the card.
You hear mighty peals of thunder!
There is a sparkling altar of Nemelex Xobeh here.
Are you sure you want to abandon this character and quit the game? (Confirm with "yes".)

.###.......................#
..##.......................#
..##.......................#
#..#.......................#
##.#......................##
#.....)..................#
##..........†............#
#.......................#
##............@......†..#
#......................#
#>#.#######............#
#.#.# #............# #.#.#
#............#
#............#
#............#
#...(........#
##############


There were no monsters in sight!

Vanquished Creatures
  2 ball pythons (D:1)
  A bat (D:1)
  An endoplasm (D:1)
  2 hobgoblins (D:1)
  3 kobolds (D:1)
  A quokka (D:1)
  2 rats (D:1)
12 creatures vanquished.

Notes
Turn   | Place    | Note
-------+----------+-------------------------------------------
     0 | D:1      | Pin the Hill Orc Monk began the quest for the Orb.
     0 | D:1      | Reached XP level 1. HP: 19/19 MP: 1/1
   367 | D:1      | Reached skill level 1 in Armour
   367 | D:1      | Reached skill level 1 in Shields
   499 | D:1      | Reached XP level 2. HP: 22/26 MP: 2/2
   598 | D:1      | Found a faded altar of an unknown god.
   736 | D:1      | Prayed at the altar of an unknown god.
   736 | D:1      | Became a worshipper of Nemelex Xobeh the Trickster
   736 | D:1      | Reached * piety under Nemelex Xobeh
   736 | D:1      | Received a gift from Nemelex Xobeh
   736 | D:1      | Reached ** piety under Nemelex Xobeh
   736 | D:1      | Received a gift from Nemelex Xobeh
   740 | D:1      | Quit the game

Illustrated notes

Levels and vault maps discovered:
D:1:      dpeg_arrival_rooms_with_view, layout_basic, basic_ecumenical_altar

Skill      XL: |  1 |
---------------+----+-----
Armour         | 1 |  1.4
Shields        | 1 |  1.4
Fighting       | |  3.6
Axes           | |  4.0
Dodging        | |  2.4
Stealth        | |  1.5

Action                   || total
-------------------------++-------
Melee: Hand axe          ||    41
Invok: Draw Destruction  ||     1
 Stab: Sleeping          ||     2
Armor: Robe              ||     5
Dodge: Dodged            ||    19
Block: Kite shield       ||    17

Table legend: (Time is in decaauts)
 A = Elapsed time spent in this place.
 B = Non-inter-level travel time spent in this place.
 C = Inter-level travel time spent in this place.
 D = Time resting spent in this place.
 E = Time spent auto-exploring this place.
 F = Levels seen in this place.
 G = Mean time per level.
                   A        B        C        D        E       F      G
               +--------+--------+--------+--------+--------+-----+--------+
         Total |    751 |    751 |      0 |      0 |    608 |   1 |  751.0 |
       Dungeon |    751 |    751 |      0 |      0 |    608 |   1 |  751.0 |
               +--------+--------+--------+--------+--------+-----+--------+

Top non-repeatable levels by time:
     D:1: 751 daAuts
